 Dungeon Crawl Stone Soup version 0.22-a0-265-g0d8bc9073c (webtiles) character file.

46148 Manul the Unseen (level 14, -10/75 HPs)
             Began as a Vine Stalker Assassin on Mar 5, 2018.
             Was an Initiate of Gozag.
             Killed by drain life
             ... invoked by a soul eater
             ... summoned by an orc high priest
              (14 damage)
             ... on level 2 of the Orcish Mines on Mar 7, 2018.
             The game lasted 00:37:25 (16726 turns).

Manul the Unseen (Vine Stalker Assassin)           Turns: 16726, Time: 00:37:26

Health: -10/75     AC: 15    Str: 15    XL:     14   Next: 36%
Magic:  0/16       EV: 20    Int: 11    God:    Gozag
Gold:   2767       SH:  4    Dex: 20    Spells: 13/13 levels left

rFire    . . .     SeeInvis +   Z - +1 dagger (chaos)
rCold    . . .     Gourm    .   (no shield)
rNeg     . . .     Faith    .   T - +2 leather armour of the Heavens {MR+ Slay+3}
rPois    .         Spirit   +   t - +1 helmet
rElec    .         Reflect  +   d - +1 cloak
rCorr    .         Harm     .   I - +0 pair of gloves
MR       ++...                  (no boots)
Stlth    +++++++...             v - +4 amulet of reflection
HPRegen  1.02/turn              F - ring of see invisible
MPRegen  0.15/turn              u - +2 ring of slaying

@: about to teleport, drained
A: fangs 3, thin metallic scales 1, yellow scales 1, regeneration 2, magic
shield, antimagic bite, no potion heal 3, rot immunity
a: Potion Petition, Call Merchant, Bribe Branch, Renounce Religion


You were on level 2 of the Orcish Mines.
You worshipped Gozag.
Gozag was most pleased with you.
You were not hungry.

You visited 3 branches of the dungeon, and saw 17 of its levels.
You also visited: Sewer.

You collected 4364 gold pieces.
You spent 147 gold pieces at shops.
You paid 1450 gold pieces to Gozag.

Inventory:

Hand Weapons
 b - a +0 blowgun
 i - a +0 battleaxe of venom
 L - a +1 whip of holy wrath
 S - a +4 scimitar of flaming
 Z - a +1 dagger of chaos (weapon)
Missiles
 e - 44 poisoned needles
 z - 10 curare-tipped needles
 D - 2 needles of sleeping
Armour
 d - a +1 cloak (worn)
 t - a +1 helmet (worn)
 I - a +0 pair of gloves (worn)
 T - the +2 leather armour of the Heavens (worn) {MR+ Slay+3}
   (You bought it in a shop on level 8 of the Dungeon)

   It affects your accuracy and damage with ranged weapons and melee attacks
   (+3).
   It affects your resistance to hostile enchantments.
Jewellery
 u - a +2 ring of slaying (right hand)
 v - a +4 amulet of reflection (around neck)
 E - an uncursed amulet of faith {unknown}
 F - a ring of see invisible (left hand)
 O - a +3 ring of intelligence
Wands
 f - a wand of disintegration (9)
 n - a wand of polymorph (23)
 o - a wand of digging (12)
 G - a wand of acid (13)
 K - a wand of clouds (2)
 N - a wand of iceblast (19)
Scrolls
 l - 6 scrolls of teleportation
 r - 5 scrolls of identify
 y - 2 scrolls of enchant armour
 B - 12 scrolls of remove curse
 U - a scroll of fog
 W - 3 scrolls of enchant weapon
 X - a scroll of brand weapon
 Y - 3 scrolls of magic mapping
Potions
 c - 2 potions of agility
 h - a potion of brilliance {unknown}
 j - 4 potions of flight
 p - a potion of magic {unknown}
 w - a potion of resistance
 A - 3 potions of curing
 C - a potion of ambrosia
 H - a potion of lignification {unknown}
 R - a potion of invisibility
Comestibles
 g - 18 rations


   Skills:
 + Level 9.3(9.2) Fighting
 + Level 10.7(10.6) Short Blades
 - Level 1.0(1.1) Axes
 - Level 1.0(1.2) Maces & Flails
 + Level 3.5(3.4) Throwing
 + Level 5.8 Armour
 + Level 9.8 Dodging
 - Level 17.0(16.9) Stealth
 + Level 1.6 Evocations


You had 13 spell levels left.
You didn't know any spells.

Dungeon Overview and Level Annotations

Branches:
Dungeon (14/15)            Temple (1/1) D:5            Lair (0/6) D:10
    Orc (2/2) D:12            Elf (0/3) Orc:2        Vaults (0/5) D:14

Altars:
Ashenzari
Cheibriados
Dithmenos
Elyvilon
Fedhas
Gozag
Hepliaklqana
Kikubaaqudgha
Makhleb
Nemelex Xobeh
Okawaru
Qazlal
Ru
Sif Muna
Trog
Uskayaw
Vehumet
Wu Jian
Xom
Yredelemnul
Zin
The Shining One
Beogh

Shops:
D:4 ?   D:6 =   D:8 *   D:9 (:   D:10 (   D:12 *   Orc:2 (

Annotations:
D:10 exclusion: 3 oklob plants


Innate Abilities, Weirdness & Mutations

You have razor-sharp teeth.
You heal very quickly.
When hurt, damage is shared between your health and your magic reserves.
Your bite disrupts and absorbs the magic of your enemies.
Potions cannot restore your health.
You are immune to rotting.
You are partially covered in thin metallic scales. (AC +2)
You are partially covered in yellow scales. (AC +2)


Message History

The orc high priest intones a terrible prayer.
The orc priest mumbles some strange prayers to Beogh against you.
Beogh smites you!
You see here 7 gold pieces.
The orc high priest utters an invocation to Beogh.
The orc warlord roars a battlecry!
As you read the scroll of teleportation, it crumbles to dust.
You feel strangely unstable.
The soul eater draws from the surrounding life force!
The orc wizard misses you.
The orc high priest mumbles some strange prayers to Beogh against you.
Beogh smites you!
* * * LOW HITPOINT WARNING * * *
The soul eater draws from the surrounding life force!
* * * LOW HITPOINT WARNING * * *
The soul eater draws from the surrounding life force!
* * * LOW HITPOINT WARNING * * *
The soul eater draws from the surrounding life force!
You die...
Your body crumbles into a pile of gold.

#.####.... .......# . ..
...#.....##.#...... .# .....
#..........# .#.##.##
.....###.#....#.# ......#
...#.#..#..)...######..#..##
...............##.##.......#
#.......#.()............#
........................##
...$....>..oo@.........).#
........$...........).)(###
........#.4oo##########...##
......o..(oo## ###..##
...ยง.....$o3# ##..#
..((...#o3$#### #).#
..o.......o#.8##+###+ ##)#
.....$...8.'$....o.o. #)#
.....o.....'$.....8.o #)#


You could see an orc warlord, 2 soul eaters, an orc high priest, an ice devil, 5
orc warriors, an orc priest, an orc wizard and an orc.

Vanquished Creatures
  Kirke (D:12)
  A hydra (D:13)
  A rakshasa (D:11)
  A centaur warrior (D:14)
  An ogre mage (D:14)
  Erica (D:8)
  3 death yaks (D:10)
  8 two-headed ogres
  A tengu warrior (D:11)
  A deep elf knight (D:14)
  Urug (D:12)
  Sonja (D:10)
  A skeletal warrior (D:13)
  A fire crab (D:12)
  4 unseen horrors
  2 orc knights
  5 deep elf magi
  2 ugly things
  A wolf spider zombie (D:13)
  3 manticores
  A cyclops (D:13)
  2 gargoyles
  Psyche (D:11)
  4 centaur skeletons
  2 kobold demonologists
  2 komodo dragons
  A queen bee (D:11)
  8 trolls
  A hornet (D:12)
  Sigmund (D:6)
  4 hippogriffs
  16 yaks
  2 shadows
  A wyvern (D:11)
  4 wraiths
  5 hungry ghosts
  7 vampire mosquitoes (D:13)
  2 hogs (D:12)
  2 wargs (Orc:1)
  Menkaure (D:6)
  An acid dragon (D:13)
  A soldier ant (D:11)
  3 ice beasts
  17 orc warriors
  A black bear (D:9)
  3 sky beasts
  8 ogres
  2 crocodiles (D:13)
  21 centaurs
  5 big kobolds
  9 bullfrogs
  A wyvern zombie (D:10)
  A gnoll sergeant (D:12)
  5 scorpions
  2 wyvern skeletons
  25 killer bees
  7 wights
  8 howler monkeys
  7 centaur zombies
  8 crimson imps
  5 bullfrog zombies
  3 hounds
  A quasit (D:12)
  15 orc priests
  4 jellies
  A gnoll shaman (D:8)
  4 iguanas
  19 orc wizards
  Crazy Yiuf (D:6)
  2 bullfrog skeletons (D:6)
  Jessica (D:3)
  10 worker ants
  A hound zombie (D:7)
  2 hound skeletons
  2 worker ant zombies
  12 adders
  13 gnolls
  A river rat (D:10)
  4 shadow imps
  2 oozes
  An adder skeleton (D:9)
  An adder zombie (D:7)
  3 worms
  2 dart slugs
  6 leopard geckos
  68 orcs
  5 ball pythons
  10 giant cockroaches
  7 goblins
  A goblin (shapeshifter) (D:12)
  11 hobgoblins
  12 jackals
  21 kobolds
  5 quokkas
  4 bats (D:1)
  4 frilled lizards
  A leopard gecko zombie (D:7)
  13 rats
520 creatures vanquished.

Vanquished Creatures (others)
  An orc wizard (D:7)
  A shadow imp (D:12)
  7 plants (D:11)
9 creatures vanquished.

Grand Total: 529 creatures vanquished

Notes
Turn   | Place    | Note
-------+----------+-------------------------------------------
     0 | D:1      | Manul the Vine Stalker Assassin began the quest for the Orb.
     0 | D:1      | Reached XP level 1. HP: 11/11 MP: 2/2
    13 | D:1      | Reached skill level 5 in Stealth
    67 | D:1      | Reached XP level 2. HP: 15/15 MP: 3/3
   312 | D:1      | Reached skill level 6 in Stealth
   324 | D:1      | Reached XP level 3. HP: 18/18 MP: 4/4
  1140 | D:2      | Found a basalt altar of Yredelemnul.
  1749 | D:3      | Found a glowing drain.
  1754 | D:3      | Gained mutation: Your natural rate of healing is unusually fast. [Vine Stalker growth]
  1754 | D:3      | Reached XP level 4. HP: 18/23 MP: 5/5
  1789 | Sewer    | Entered a sewer
  1863 | Sewer    | HP: 1/23 [poisoned by an adder]
  1868 | Sewer    | Noticed a big kobold
  1955 | Sewer    | Killed a big kobold
  1955 | Sewer    | Reached skill level 1 in Dodging
  1955 | Sewer    | Reached skill level 7 in Stealth
  1955 | Sewer    | Reached XP level 5. HP: 18/26 MP: 6/6
  2721 | D:2      | HP: 1/26 [orc priest/nerve-wracking pain (8)]
  2820 | D:2      | Reached XP level 6. HP: 30/30 MP: 7/7
  3218 | D:2      | Found a deep blue altar of Sif Muna.
  3431 | D:3      | Noticed Jessica
  3444 | D:3      | Killed Jessica
  3631 | D:3      | Found a glowing silver altar of Zin.
  3643 | D:3      | Found a radiant altar of Vehumet.
  3649 | D:3      | Found a shadowy altar of Dithmenos.
  4035 | D:4      | Found Ciurrexzo's Magic Scroll Emporium.
  4338 | D:5      | Entered Level 5 of the Dungeon
  4577 | D:5      | Found a staircase to the Ecumenical Temple.
  4632 | D:6      | Reached skill level 8 in Stealth
  4632 | D:6      | Reached XP level 7. HP: 35/35 MP: 8/8
  4709 | D:6      | Found Nedum's Jewellery Shop.
  4856 | D:6      | Reached skill level 9 in Stealth
  4856 | D:6      | Gained mutation: You have razor-sharp teeth. [Vine Stalker growth]
  4856 | D:6      | Reached XP level 8. HP: 28/39 MP: 9/9
  5149 | D:6      | Noticed Sigmund
  5156 | D:6      | Killed Sigmund
  5156 | D:6      | Reached skill level 10 in Stealth
  5473 | D:5      | Reached skill level 5 in Short Blades
  5560 | D:6      | Found a runed door.
  5824 | Temple   | Entered the Ecumenical Temple
  5834 | Temple   | Became a worshipper of Gozag Ym Sagoz the Greedy
  6160 | D:5      | Found a shimmering altar of Xom.
  6183 | D:5      | Reached skill level 11 in Stealth
  6183 | D:5      | Reached XP level 9. HP: 31/44 MP: 6/10
  6395 | D:6      | Noticed Crazy Yiuf
  6401 | D:6      | Killed Crazy Yiuf
  6445 | D:7      | Gained mutation: Your magical capacity is low. (-10% MP) [potion of mutation]
  6445 | D:7      | Gained mutation: You possess an exceptional clarity of mind. [potion of mutation]
  6445 | D:7      | Gained mutation: You are partially covered in thin metallic scales. (AC +2) [potion of mutation]
  6753 | D:7      | Found a stormy altar of Qazlal.
  6809 | D:7      | Noticed Menkaure
  6831 | D:6      | Killed Menkaure
  6831 | D:6      | Reached skill level 12 in Stealth
  7241 | D:8      | Found a radiant altar of Vehumet.
  7330 | D:8      | Reached skill level 1 in Axes
  7330 | D:8      | Reached skill level 1 in Maces & Flails
  7651 | D:8      | Noticed Erica
  7655 | D:8      | Killed Erica
  7655 | D:8      | Reached skill level 5 in Dodging
  7655 | D:8      | Reached XP level 10. HP: 51/51 MP: 10/10
  7826 | D:8      | Found Onolul's Assorted Antiques.
  7833 | D:8      | Bought a brightly glowing leather armour for 147 gold pieces
  7859 | D:8      | Identified the +2 leather armour of the Heavens {MR+ Slay+3} (You bought it in a shop on level 8 of the Dungeon)
  8143 | D:9      | Reached skill level 13 in Stealth
  8388 | D:9      | Noticed a moth of wrath
  8391 | D:9      | Found a bloodstained altar of Trog.
  8471 | D:9      | Found Juntedwa's Book Emporium.
  8653 | D:10     | Entered Level 10 of the Dungeon
  8653 | D:10     | Found Xyntyfeve's Antique Weapon Emporium.
  8666 | D:10     | Lost mutation: Your magical capacity is low. (-10% MP) [potion of mutation]
  8666 | D:10     | Lost mutation: You possess an exceptional clarity of mind. [potion of mutation]
  8666 | D:10     | Gained mutation: You possess an exceptional clarity of mind. [potion of mutation]
  8666 | D:10     | Lost mutation: You possess an exceptional clarity of mind. [potion of mutation]
  8666 | D:10     | Gained mutation: You are partially covered in yellow scales. (AC +2) [potion of mutation]
  8716 | D:10     | Noticed a death yak
  8774 | D:10     | Noticed a death yak
  8774 | D:10     | Noticed a death yak
  8852 | D:10     | Noticed Sonja
  8852 | D:10     | Reached skill level 5 in Fighting
  8861 | D:10     | Killed Sonja
  8913 | D:10     | Noticed an oklob plant
  8913 | D:10     | Noticed an oklob plant
  8942 | D:10     | Found a staircase to the Lair.
  8974 | D:10     | Reached skill level 14 in Stealth
  9286 | D:10     | Reached skill level 1 in Armour
  9353 | D:10     | Noticed an oklob plant
  9536 | D:10     | Killed a death yak
  9536 | D:10     | Reached XP level 11. HP: 29/56 MP: 7/12
  9548 | D:10     | Killed a death yak
  9548 | D:10     | Reached skill level 15 in Stealth
  9550 | D:10     | Killed a death yak
  9870 | D:11     | Noticed a manticore
 10106 | D:11     | Noticed a white ugly thing
 10144 | D:10     | Noticed an unseen horror
 10155 | D:10     | Killed an unseen horror
 10369 | D:10     | Reached skill level 1 in Evocations
 10890 | D:10     | Killed a manticore
 11437 | D:10     | Upgraded the game from 0.22-a0-258-g34c0b7be20 to 0.22-a0-263-gab157eebec
 11481 | D:10     | Killed a purple ugly thing
 11677 | D:11     | Gained mutation: You heal very quickly. [Vine Stalker growth]
 11677 | D:11     | Reached XP level 12. HP: 54/61 MP: 12/14
 11833 | D:11     | Noticed Psyche
 11845 | D:11     | Killed Psyche
 12049 | D:11     | Reached skill level 16 in Stealth
 12248 | D:11     | Noticed a tengu warrior
 12249 | D:11     | Noticed a rakshasa
 12349 | D:11     | Killed a tengu warrior
 12602 | D:11     | Killed a rakshasa
 12875 | D:11     | Got an encrusted ring mail
 12876 | D:11     | Identified the cursed +1 ring mail "Mumposui" {rN+ MR+ Stlth+} (You found it on level 11 of the Dungeon)
 13293 | D:12     | Noticed Nessos
 13342 | D:12     | Found a staircase to the Orcish Mines.
 13355 | D:12     | Noticed Nessos
 13355 | D:12     | Nessos changed into Nessos the fire crab
 13358 | D:12     | Killed Nessos the fire crab
 13527 | D:12     | Noticed a two-headed ogre
 13529 | D:12     | Killed a two-headed ogre
 13529 | D:12     | Reached skill level 17 in Stealth
 13529 | D:12     | Reached XP level 13. HP: 67/67 MP: 15/15
 13608 | D:12     | Noticed Urug
 13615 | D:12     | Killed Urug
 13958 | D:12     | Noticed Kirke
 13978 | D:12     | Killed Kirke
 14326 | D:13     | Upgraded the game from 0.22-a0-263-gab157eebec to 0.22-a0-265-g0d8bc9073c
 14404 | D:13     | Reached skill level 10 in Short Blades
 15419 | D:14     | Reached skill level 5 in Armour
 15533 | D:14     | Reached XP level 14. HP: 69/74 MP: 16/16
 15563 | D:14     | Found a gate to the Vaults.
 15713 | D:14     | Found a white marble altar of Elyvilon.
 15903 | Orc:1    | Entered Level 1 of the Orcish Mines
 16121 | Orc:2    | Entered Level 2 of the Orcish Mines
 16178 | Orc:2    | Found a roughly hewn altar of Beogh.
 16178 | Orc:2    | Found Ofoitoiz's Antique Weapon Shop.
 16259 | Orc:2    | Found a staircase to the Elven Halls.
 16386 | Orc:2    | Found a roughly hewn altar of Beogh.
 16479 | Orc:2    | Found a roughly hewn altar of Beogh.
 16715 | Orc:2    | Noticed an orc warlord
 16726 | Orc:2    | Killed from afar by a soul eater

Vault maps used:
D:1:      dpeg_arrival_connections, patterned_corridor
D:2:      cheibrodos_pilgrimage, overflow_temple_1_default,
          lemuel_blue_sif_altar, first_ration, minmay_misc_feat_more_columns
D:3:      minitemple, gup_sewer_entry_pipe, uniq_jessica
D:4:      serial_shops, nicolae_shop_crystal
D:5:      marbit_many_paths, minmay_temple_entry_from_below_a, minivault_26
D:6:      serial_shops, nicolae_shop_trees, uniq_crazy_yiuf_cottage,
          uniq_sigmund
D:7:      old_standard_altar, uniq_menkaure
D:8:      basic_altar, serial_shops, nicolae_shop_waterfront,
          small_chamber_with_monster, blue_anna_alchemist, uniq_erica
D:9:      serial_shops, shop, tgw_trog
D:10:     dpeg_lair_monsters, serial_shops,
          nicolae_shop_temple_entry_statues_fountains, hangedman_decor_riveting,
          minmay_curled_crystal, disabler_island, uniq_sonja
D:11:     regret_index_wax_grids, uniq_psyche
D:12:     erik_orc_3, uniq_kirke, uniq_nessos, uniq_urug
D:14:     hangedman_vaults_entry_quadrant_bands, corexii_corridor_pit,
          elyvilon_altar_1
Temple:   nicolae_temple_no_exploring_needed
Orc:1:    portal_ice_cave_entry_animals_and_master
Orc:2:    grunt_orc_community_town_hall, grunt_orc_community_big_house_2,
          grunt_orc_community_big_house_2, grunt_orc_community_house_1,
          grunt_orc_community_house_1, grunt_orc_community_house_1,
          grunt_orc_community_house_2
Sewer:    sewer_co_15_rooms

Skill      XL: |  1  2  3  4  5  6  7  8  9 10 11 12 13 14 |
---------------+-------------------------------------------+-----
Stealth        | 5 6 7 8 9 11 12 14 15 17 | 17.0
Short Blades   | 2 3 4 5 6 7 8 10 | 10.7
Fighting       | 2 3 4 5 6 7 8 9 |  9.3
Dodging        | 1 2 3 5 6 8 9 |  9.8
Throwing       | 2 3 |  3.5
Axes           | 1 |  1.0
Maces & Flails | 1 |  1.0
Armour         | 1 3 4 5 |  5.8
Evocations     | 1 |  1.6

Action                   |  1- 3 |  4- 6 |  7- 9 | 10-12 | 13-15 || total
-------------------------+-------+-------+-------+-------+-------++-------
Melee: Dagger            |   113 |   188 |   263 |   730 |   534 ||  1828
       Bite              |    27 |    42 |   143 |   349 |   214 ||   775
       Whip              |       |       |    67 |    64 |    43 ||   174
       Battleaxe         |       |       |    22 |    11 |       ||    33
 Fire: Blowgun           |       |    13 |     5 |     1 |       ||    19
Invok: Call Merchant     |       |       |       |     2 |       ||     2
       Potion Petition   |       |       |       |     1 |       ||     1
Evoke: Wand              |       |       |     2 |    14 |       ||    16
  Use: Scroll            |     3 |     4 |     7 |    11 |    11 ||    36
       Potion            |       |     4 |     3 |     1 |     1 ||     9
 Stab: Sleeping          |    19 |     9 |    19 |    17 |    34 ||    98
       Distracted        |       |       |     1 |     8 |     9 ||    18
       Paralysed         |       |       |       |     2 |     5 ||     7
       Petrifying        |       |       |       |     2 |     3 ||     5
       Confused          |       |       |       |     1 |     2 ||     3
  Eat: Chunk             |     1 |     9 |     4 |       |       ||    14
       Ration            |       |     2 |     3 |     9 |     3 ||    17
Armor: Robe              |    23 |    27 |    91 |       |       ||   141
       Leather armour    |       |       |       |   248 |    91 ||   339
Dodge: Dodged            |    48 |    82 |   199 |   625 |   329 ||  1283
Block: Other             |       |     3 |    35 |   127 |    82 ||   247
       Reflection        |       |       |       |     5 |     5 ||    10

Table legend:
 A = Spawn XP
 B = Non-spawn XP
 C = Spawn XP percentage of total XP
 D = Spawn monster count
 E = Non-spawn monster count
 F = Spawn count percentage of total count
 G = Total turns spent on level
                    A         B        C        D         E        F      G
               +---------+---------+-------+---------+---------+-------+---------
         Total |       0 |   65926 |   0.0 |       0 |     522 |   0.0 | 16726
               +---------+---------+-------+---------+---------+-------+---------
           D:1 |       0 |      53 |   0.0 |       0 |      30 |   0.0 |   973
           D:2 |       0 |     160 |   0.0 |       0 |      11 |   0.0 |  1246
           D:3 |       0 |      90 |   0.0 |       0 |      21 |   0.0 |  1098
           D:4 |       0 |      50 |   0.0 |       0 |       6 |   0.0 |   499
           D:5 |       0 |     344 |   0.0 |       0 |      15 |   0.0 |   828
           D:6 |       0 |    1804 |   0.0 |       0 |      33 |   0.0 |  1327
           D:7 |       0 |     685 |   0.0 |       0 |      31 |   0.0 |   630
           D:8 |       0 |    2188 |   0.0 |       0 |      27 |   0.0 |   920
           D:9 |       0 |     908 |   0.0 |       0 |      20 |   0.0 |   814
          D:10 |       0 |   11421 |   0.0 |       0 |      67 |   0.0 |  2661
          D:11 |       0 |    7834 |   0.0 |       0 |      48 |   0.0 |  1425
          D:12 |       0 |   12598 |   0.0 |       0 |      70 |   0.0 |  1169
          D:13 |       0 |   10866 |   0.0 |       0 |      41 |   0.0 |  1241
          D:14 |       0 |   11618 |   0.0 |       0 |      28 |   0.0 |   531
         Orc:1 |       0 |    2525 |   0.0 |       0 |      10 |   0.0 |   218
         Orc:2 |       0 |    2636 |   0.0 |       0 |      47 |   0.0 |   605
         Sewer |       0 |     146 |   0.0 |       0 |      17 |   0.0 |   522
               +---------+---------+-------+---------+---------+-------+---------
